 Dungeon Crawl Stone Soup version 0.23.1 (webtiles) character file.

Game seed: 13084621786460214865

1473 Borgoz the Cutter (level 8, -4/57 HPs)
             Began as a Ghoul Enchanter on Mar 14, 2019.
             Was a Follower of Lugonu.
             Slain by an orc warrior
             ... wielding a +0 halberd
              (12 damage)
             ... on level 7 of the Dungeon.
             The game lasted 00:13:36 (8081 turns).

Borgoz the Cutter (Ghoul Enchanter)                 Turns: 8081, Time: 00:13:37

Health: -4/57      AC:  2    Str: 12    XL:     8   Next: 78%
Magic:  9/11       EV: 14    Int: 10    God:    Lugonu [*.....]
Gold:   349        SH:  0    Dex: 11    Spells: 7/13 levels left

rFire    . . .     SeeInvis +   a - +1 dagger (venom)
rCold    + . .     Gourm    .   (no shield)
rNeg     + + +     Faith    .   s - +0 robe
rPois    ∞         Spirit   .   (no helmet)
rElec    .         Reflect  .   (no cloak)
rCorr    .         Harm     .   (no gloves)
MR       .....                  (no boots)
Stlth    ++........             p - amulet of magic regeneration
HPRegen  0.00/turn              D - ring of see invisible
MPRegen  0.37/turn              (no ring)

@: about to teleport, marked, rotting
A: rotting body, claws 1, carnivore, cold resistance 1, negative energy
resistance 3, inhibited regeneration, torment resistance, unbreathing
a: Depart the Abyss, Renounce Religion


You were on level 7 of the Dungeon.
You worshipped Lugonu.
Lugonu was aware of your devotion.
You were not hungry.

You visited 2 branches of the dungeon, and saw 8 of its levels.

You collected 349 gold pieces.

Inventory:

Hand Weapons
 a - a +1 dagger of venom (weapon)
 b - a +0 blowgun
 m - a +1 dagger of protection
 w - a +0 rapier
Missiles
 h - 5 tomahawks (quivered)
 k - 39 poisoned needles
 y - 2 javelins
Armour
 s - a +0 robe (worn)
Jewellery
 p - an amulet of magic regeneration (around neck)
 D - a ring of see invisible (left claw)
Wands
 o - a wand of flame (22)
 t - a wand of iceblast (2)
 B - a wand of polymorph (8)
Scrolls
 c - a scroll of blinking
 e - 4 scrolls of remove curse
 f - a scroll of teleportation
 g - 3 scrolls of amnesia {unknown}
 i - a scroll of fog {unknown}
 j - 2 scrolls of enchant armour {unknown}
 l - 2 scrolls of enchant weapon
 r - 2 scrolls of immolation
 v - a scroll of noise {unknown}
 x - a scroll of acquirement {unknown}
 z - a scroll of magic mapping {unknown}
Potions
 u - 2 potions of brilliance
 A - 2 potions of curing
 C - 2 potions of flight
Comestibles
 d - 13 rations
 n - 4 chunks of flesh


   Skills:
 * Level 5.9 Short Blades
 + Level 4.5 Armour
 * Level 5.5 Dodging
 - Level 3.2 Stealth
 + Level 3.0 Spellcasting
 - Level 2.4 Hexes


You had 7 spell levels left.
You knew the following spells:

 Your Spells              Type           Power        Failure   Level  Hunger
a - Corona                Hex            #......      11%         1    #......
b - Ensorcelled Hibernat  Hex/Ice        #.....       26%         2    ###....
c - Confuse               Hex            #.......     30%         3    ###....

Your spell library contained the following spells:

 Spells                   Type           Power        Failure   Level  Hunger
 Tukima's Dance           Hex            #.......     30%         3    ###....
 Dazzling Spray           Conj/Hex       #.....       45%         3    ###....


Dungeon Overview and Level Annotations

Branches:
Dungeon (7/15)             Temple (1/1) D:5

Altars:
Ashenzari
Cheibriados
Dithmenos
Elyvilon
Fedhas
Gozag
Kikubaaqudgha
Nemelex Xobeh
Okawaru
Qazlal
Ru
Sif Muna
Trog
Uskayaw
Wu Jian
Yredelemnul
Zin
The Shining One
Lugonu

Shops:
D:3 *   D:6 %


Innate Abilities, Weirdness & Mutations

Your body is rotting away.
You thrive on raw meat.
You are immune to poison.
You have sharp fingernails.
You are carnivorous and can eat meat at any time.
Your flesh is cold resistant. (rC+)
You are immune to negative energy. (rN+++)
You do not regenerate when monsters are visible.
You are immune to unholy pain and torment.
You can survive without breathing.


Message History

Aim: an orc warrior, wielding a +0 halberd and wearing a +0 plate armour (chance to defeat MR: 35%)
The orc warrior easily resists.
The orc warrior hits you with a +0 halberd!
A killer bee comes into view. x2
As you read the scroll labeled NOTIOXO ONIE, it crumbles to dust.
You feel strangely unstable.
It was a scroll of teleportation.
The orc warrior misses you.
You hit the orc warrior but do no damage.
The orc warrior is poisoned.
A killer bee comes into view.
The orc warrior hits you with a +0 halberd!!
* * * LOW HITPOINT WARNING * * *
You hit the orc warrior but do no damage.
The orc warrior looks as sick as possible!
You feel better. The killer bee misses you.
A killer bee comes into view.
The killer bee stings you!
* * * LOW HITPOINT WARNING * * *
The orc warrior hits you with a +0 halberd!
You die... (# .# .. o## oo#

.# #o# .# #o# .#
#...... #@###?####
#...... #lyy....y.
....... ##.F..####
#......
##...######......
#...............
#..#######......
#..### ###...!..
###.÷..###......##
#...##.#.........(


You could see an orc warrior, a bullfrog, 3 killer bees, 3 orc priests, an orc
and a leopard gecko.

Vanquished Creatures
  Sigmund (D:5)
  Eustachio (D:5)
  A hungry ghost (D:6)
  3 bullfrogs
  2 scorpions
  A howler monkey (D:5)
  A crimson imp (D:6)
  A jelly (D:7)
  3 orc priests
  3 hounds
  2 orc wizards (D:6)
  Natasha (thrice) (D:3)
  Ijyb (D:3)
  An iguana (D:4)
  4 worker ants
  A howler monkey zombie (D:5)
  5 adders
  2 shadow imps
  2 oozes
  2 adder skeletons (D:4)
  A worm (D:3)
  2 leopard geckos
  15 orcs
  A ball python (D:2)
  8 bats
  4 giant cockroaches
  6 goblins
  8 hobgoblins
  2 quokkas (D:4)
  7 frilled lizards
  16 kobolds
  11 rats
  A spectral orc (D:3)
122 creatures vanquished.

Vanquished Creatures (others)
  A hound (D:6)
  A quokka (D:5)
2 creatures vanquished.

Grand Total: 124 creatures vanquished

Notes
Turn   | Place    | Note
-------+----------+-------------------------------------------
     0 | D:1      | Borgoz the Ghoul Enchanter began the quest for the Orb.
     0 | D:1      | Reached XP level 1. HP: 14/14 MP: 2/2
    25 | D:1      | Reached skill level 1 in Short Blades
   118 | D:1      | Reached XP level 2. HP: 11/20 MP: 3/3
   185 | D:1      | Reached skill level 1 in Armour
   563 | D:1      | Reached XP level 3. HP: 8/25 MP: 4/4
  1498 | D:2      | Found a stormy altar of Qazlal.
  1649 | D:2      | Found a faded altar of an unknown god.
  1718 | D:2      | Reached XP level 4. HP: 17/33 MP: 5/5
  2028 | D:2      | Found an ornate altar of the Wu Jian Council.
  2621 | D:3      | Found a sacrificial altar of Ru.
  2695 | D:3      | Found a basalt altar of Yredelemnul.
  2778 | D:3      | Found an ancient bone altar of Kikubaaqudgha.
  2780 | D:3      | Found a blossoming altar of Fedhas.
  3097 | D:3      | Found Gozag's Platinum Reserve.
  3115 | D:3      | Noticed Natasha
  3118 | D:3      | Killed Natasha
  3118 | D:3      | Reached XP level 5. HP: 37/37 MP: 6/6
  3119 | D:3      | Found an opulent altar of Gozag.
  3273 | D:3      | Noticed Ijyb
  3277 | D:3      | Killed Ijyb
  3325 | D:3      | Noticed Natasha
  3331 | D:3      | Killed Natasha
  3412 | D:3      | Noticed Natasha
  3428 | D:3      | Killed Natasha
  3446 | D:3      | Learned a level 2 spell: Ensorcelled Hibernation
  3450 | D:3      | Learned a level 3 spell: Confuse
  3578 | D:4      | Reached XP level 6. HP: 27/45 MP: 7/7
  4084 | D:4      | Noticed a phantom
  4103 | D:5      | Entered Level 5 of the Dungeon
  4274 | D:5      | Noticed Sigmund
  4311 | D:6      | Found Tihuclick's Food Shop.
  4316 | D:6      | Noticed a hungry ghost
  4517 | D:5      | Found a white marble altar of Elyvilon.
  4607 | D:5      | Noticed Eustachio
  5148 | D:4      | Reached XP level 7. HP: 49/49 MP: 8/8
  5274 | D:4      | Found a sparkling altar of Nemelex Xobeh.
  5482 | D:5      | Found a staircase to the Ecumenical Temple.
  5529 | Temple   | Entered the Ecumenical Temple
  5560 | Temple   | Became a worshipper of Lugonu the Unformed
  5560 | Temple   | Reached * piety under Lugonu
  6123 | D:5      | Killed Sigmund
  6172 | D:5      | Killed Eustachio
  6172 | D:5      | Reached skill level 5 in Short Blades
  6172 | D:5      | Reached XP level 8. HP: 6/57 MP: 10/10
  6907 | D:6      | Reached skill level 5 in Dodging
  8081 | D:7      | Slain by an orc warrior

Skill      XL: |  1  2  3  4  5  6  7  8 |
---------------+-------------------------+-----
Short Blades   | 1 2 3 4 5 |  5.9
Dodging        | 2 3 4 5 |  5.5
Armour         | 1 2 3 4 |  4.5
Spellcasting   | 2 3 |  3.0
Stealth        | |  3.2
Hexes          | |  2.4

Action                   |  1- 3 |  4- 6 |  7- 9 || total
-------------------------+-------+-------+-------++-------
Melee: Dagger            |   143 |   216 |   257 ||   616
 Cast: Ensorcelled Hiber |       |       |     2 ||     2
  Use: Scroll            |       |     8 |     4 ||    12
       Potion            |       |       |     4 ||     4
 Stab: Sleeping          |     6 |     9 |     5 ||    20
       Invisible         |       |       |     5 ||     5
       Distracted        |       |       |     1 ||     1
  Eat: Chunk             |    13 |    17 |     9 ||    39
Armor: Robe              |    30 |    17 |    10 ||    57
Dodge: Dodged            |    95 |   108 |   119 ||   322
